 Dungeon Crawl Stone Soup version 0.31.0-7-gf635a9b802 (webtiles) character file.

Game seed: 10499964575785038355

500 Crownlay the Trooper (level 7, -3/57 HPs)
             Began as a Djinni Monk on Jan 23, 2024.
             Slain by an iguana (13 damage)
             ... on level 4 of the Dungeon.
             The game lasted 00:04:09 (3362 turns).

Crownlay the Trooper (Djinni Monk)                  Turns: 3362, Time: 00:04:09

Health: -3/57      AC:  2    Str: 10    XL:     7   Next: 40%
Gold:   234        EV: 13    Int: 14    God:
                   SH:  0    Dex: 15

rFire   + + .        w - +0 demon blade (flame)
rCold   . . .        d - orb {light}
rNeg    . . .        b - +0 robe
rPois   ∞            (no helmet)
rElec   .            (no cloak)
rCorr   .            (no gloves)
SInv    +            (boots unavailable)
Will    .....        r - amulet of regeneration
Stlth   +            o - ring of see invisible
HPRegen 1.09/turn    t - ring of protection from cold
MPRegen 0.00/turn

%: infuse magic (-4 HP)
@: flying, glowing
A: sickness immunity, fire resistance 2, cold vulnerability 1, float, innate
caster, HP casting, extra vitality 1
a: no special abilities


You were on level 4 of the Dungeon.
You visited 1 branch of the dungeon, and saw 5 of its levels.

You collected 234 gold pieces.

Inventory:

Hand Weapons
 w - a +0 demon blade of flaming (weapon)
Armour
 b - a +0 robe (worn)
 d - an orb of light (worn)
Magical Staves
 i - a staff of cold
 p - a staff of death
Jewellery
 o - a ring of see invisible (left hand)
 r - an amulet of regeneration (around neck)
 t - a ring of protection from cold (right hand)
 v - a ring of fire
Scrolls
 g - 5 scrolls of identify {unknown}
 h - 2 scrolls of teleportation {unknown}
 m - 2 scrolls of blinking {unknown}
 n - a scroll of torment {unknown}
 q - 3 scrolls of amnesia {unknown}
 u - a scroll of revelation {unknown}
Potions
 a - a potion of brilliance {unknown}
 c - a potion of ambrosia
 e - a potion of mutation {unknown}
 f - 3 potions of curing {unknown}
 j - a potion of magic {unknown}
 k - 2 potions of haste {unknown}
 l - 2 potions of lignification {unknown}
 s - a potion of resistance {unknown}


   Skills:
 * Level 6.6 Fighting
 - Level 2.6 Short Blades
 - Level 3.2 Dodging
 + Level 3.0 Spellcasting
 + Level 3.0 Conjurations
 + Level 3.0 Hexes
   Level 0.0 Charms
 + Level 3.0 Summonings
 + Level 3.0 Necromancy
 + Level 3.0 Translocations
   Level 0.0 Transmutations
 + Level 3.0 Fire Magic
 + Level 3.0 Ice Magic
 + Level 3.0 Air Magic
 + Level 3.0 Earth Magic
 + Level 3.0 Alchemy


You knew the following spells:

 Your Spells              Type           Power      Damage    Failure   Level
a - Kiss of Death         Conj/Necr      40%        2d8       6%          1
b - Lesser Beckoning      Tloc           20%        N/A       10%         2
c - Teleport Other        Tloc           10%        N/A       19%         3
Your spell library was empty.

Dungeon Overview and Level Annotations

Branches:
Dungeon (5/15)
 Temple: D:4-7

Altars:
Xom
The Shining One

Shops:
D:4 *

Annotations:
D:3 1 runed translucent door, Crazy Yiuf


Innate Abilities, Weirdness & Mutations

You are immune to sickness and miasma.
You are immune to poison.
Your flesh is very heat resistant. (rF++)
You are vulnerable to cold. (rC-)
You float through the air rather than walking.
You learn spells naturally, not from books.
Your magical power is your life essence.
You have superior vitality. (+4 MHP)


Message History

You slash the bullfrog! You burn the bullfrog.
You kill the bullfrog!
The hound bites you. The hound barely misses you. The iguana bites you!
You are too injured to fight recklessly!
You are too injured to fight recklessly!
You are too injured to fight recklessly!
You are too injured to fight recklessly!
You are too injured to fight recklessly!
You are too injured to fight recklessly!
You are too injured to fight recklessly!
The hound bites you. The hound attacks as it pursues you! The hound bites you.
* * * LOW HITPOINT WARNING * * *
There is a stone staircase leading up here.
The hound closely misses you. The iguana closely misses you.
You fly upwards.
There is a stone staircase leading down here.
You hit the hound. You burn the hound.
The hound is lightly wounded.
The hound closely misses you. The iguana bites you!
* * * LOW HITPOINT WARNING * * *
The hound completely misses you.
You slash the hound! You burn the hound.
You kill the hound!
The iguana barely misses you.
Your Spellcasting skill increases to level 3!
Your Conjurations skill increases to level 3!
Your Hexes skill increases to level 3!
Your Summonings skill increases to level 3!
Your Necromancy skill increases to level 3!
Your Translocations skill increases to level 3!
Your Fire Magic skill increases to level 3!
Your Ice Magic skill increases to level 3!
Your Air Magic skill increases to level 3!
Your Earth Magic skill increases to level 3!
Your Alchemy skill increases to level 3!
You hit the iguana. You burn the iguana.
The iguana is moderately wounded.
The iguana bites you!
You die...

.###..###.....##
##.#...## .#
#..# ##...##
#.##### .###..#
##'## #.#
......# #.# #.#
......# #.# #.#
......# ##.##
#.# #.###.#
##...## #.#
#.###.#
#.....########.#
#.....#
##.....†@l.....#
#####.#
##.#.##########
#.#####.#.#
#####.........#
......#####.###
####### #.# #.#
######### #.#
#.......# #####
#.# #.#####.#


You could see an iguana.

Vanquished Creatures
  Sigmund (D:3)
  A bullfrog (D:5)
  A scorpion (D:4)
  A jelly (D:4)
  A hound (D:4)
  7 adders
  6 dart slugs
  A ribbon worm (D:3)
  7 ball pythons
  7 bats
  9 endoplasms
  3 giant cockroaches
  12 goblins
  7 hobgoblins
  5 frilled lizards
  12 kobolds
  5 rats (D:1)
86 creatures vanquished.

Notes
Turn   | Place    | Note
-------+----------+-------------------------------------------
     0 | D:1      | Crownlay the Djinni Monk began the quest for the Orb.
     0 | D:1      | Reached XP level 1. HP: 20/20 MP: 0/0
   152 | D:1      | Reached XP level 2. HP: 16/25 MP: 0/0
   404 | D:1      | Reached XP level 3. HP: 30/30 MP: 0/0
   404 | D:1      | Learned a level 1 spell: Kiss of Death
   416 | D:1      | Reached skill level 1 in Spellcasting
   416 | D:1      | Reached skill level 1 in Conjurations
   416 | D:1      | Reached skill level 1 in Hexes
   416 | D:1      | Reached skill level 1 in Summonings
   416 | D:1      | Reached skill level 1 in Necromancy
   416 | D:1      | Reached skill level 1 in Translocations
   416 | D:1      | Reached skill level 1 in Fire Magic
   416 | D:1      | Reached skill level 1 in Ice Magic
   416 | D:1      | Reached skill level 1 in Air Magic
   416 | D:1      | Reached skill level 1 in Earth Magic
   416 | D:1      | Reached skill level 1 in Alchemy
  1020 | D:2      | Reached skill level 4 in Fighting
  1103 | D:2      | Reached XP level 4. HP: 31/37 MP: 0/0
  1622 | D:2      | Found a faded altar of an unknown god.
  1687 | D:3      | Reached XP level 5. HP: 34/36 MP: 0/0
  1687 | D:3      | Learned a level 2 spell: Lesser Beckoning
  1765 | D:3      | Noticed Sigmund
  1787 | D:3      | Killed Sigmund
  1788 | D:3      | Reached skill level 5 in Fighting
  1788 | D:3      | Reached XP level 6. HP: 42/50 MP: 0/0
  1797 | D:3      | You are sucked into a shaft and drop 1 floor!
  2072 | D:3      | Found a glowing golden altar of the Shining One.
  2219 | D:3      | Found a runed translucent door.
  2220 | D:3      | Noticed Crazy Yiuf
  2275 | D:3      | Found a shimmering altar of Xom.
  2819 | D:4      | Found Ybasah's Elemental Accessories.
  3117 | D:4      | Reached skill level 6 in Fighting
  3117 | D:4      | Reached XP level 7. HP: 50/56 MP: 0/0
  3117 | D:4      | Learned a level 3 spell: Teleport Other
  3346 | D:5      | Entered Level 5 of the Dungeon
  3362 | D:4      | Slain by an iguana

Illustrated notes

Levels and vault maps discovered:
D:1:      dpeg_arrival_boxorama, layout_basic, minmay_nonomino_d4
D:2:      layout_rooms, dreamdust_ecumenical_altar_hidden_monk_grotto,
          minmay_misc_feat_iff, grunt_ministairs_11
D:3:      layout_loops_cross, tso_oasis_becter, marbit_many_paths,
          chequers_serial_rivers_micro_c, uniq_sigmund, uniq_crazy_yiuf_cottage
D:4:      layout_loops_corners, nicolae_elemental_shop
D:5:      layout_layer_cave, nicolae_overflow_crystal_walls,
          gammafunk_temple_overflow_pools, minmay_temple_entry_offerings

Skill      XL: |  1  2  3  4  5  6  7 |
---------------+----------------------+-----
Spellcasting   | 1 2 3 |  3.0
Conjurations   | 1 2 3 |  3.0
Hexes          | 1 2 3 |  3.0
Summonings     | 1 2 3 |  3.0
Necromancy     | 1 2 3 |  3.0
Translocations | 1 2 3 |  3.0
Fire Magic     | 1 2 3 |  3.0
Ice Magic      | 1 2 3 |  3.0
Air Magic      | 1 2 3 |  3.0
Earth Magic    | 1 2 3 |  3.0
Alchemy        | 1 2 3 |  3.0
Fighting       | 4 5 6 |  6.6
Short Blades   | |  2.6
Dodging        | |  3.2

Action                     |  1- 3 |  4- 6 |  7- 9 || total
---------------------------+-------+-------+-------++-------
  Melee: Short sword       |   136 |   204 |       ||   340
         Demon blade       |       |     8 |    14 ||    22
   Cast: Kiss of Death     |       |     2 |       ||     2
         Lesser Beckoning  |       |     2 |       ||     2
   Stab: Sleeping          |       |     1 |       ||     1
 Armour: Robe              |    68 |    88 |    18 ||   174
  Dodge: Dodged            |   119 |   140 |    18 ||   277
